woodfighter, chaotic female giant Ranger ------- |..*...##### |.....| # |.....| # |.|...| # |.....-##### # -.----- # + @ ######## #### ## # # + woodfighter the Ranger Experience level: 6 Strength: 24 Dexterity: 10 Constitution: 19 Intelligence: 14 Wisdom: 13 Charisma: 7 Health: 0(58) Energy: 18(18) Def: 16 Gold: 3 Moves: 5506 Dungeon seed [set]: Game ID: woodfighter_1678402788 Your Inventory: Coins $ - 3 gold pieces Weapons a - an uncursed +2 sling (weapon in hand) D - 9 uncursed +0 elven arrows L - 6 blessed +2 arrows Armor g - an uncursed +0 pair of high boots (being worn) N - an uncursed +2 dented pot (being worn) Y - an uncursed rusty +1 large shield (being worn) Comestibles b - 2 uncursed cram rations C - an uncursed tin of lichen G - an uncursed tripe ration V - 2 uncursed food rations Scrolls k - an uncursed scroll of identify Wands c - an uncursed wand of slow monster (0:3) Tools i - an uncursed lock pick s - an uncursed sack y - an uncursed credit card T - an uncursed bronze key Gems e - 37 uncursed flints (in quiver) f - an uncursed worthless piece of green glass n - an uncursed worthless piece of black glass z - an uncursed amethyst U - 2 uncursed worthless pieces of yellowish brown glass Boulders/Statues h - an uncursed boulder q - an uncursed boulder r - an uncursed boulder E - an uncursed boulder H - an uncursed boulder Contents of the sack: a [uncursed] scroll of scare monster a [uncursed] spellbook of healing Spells and supernatural/magical abilities: Name Level Category Fail Memory W - pray for help -- divine ? -- Your skills at the end: Miscellaneous Skills wands [Basic] Weapon Skills two-handed sword [Basic] sling [Basic] Spellcasting Skills Final Attributes: You were devoutly aligned. You were fire resistant. You were telepathic. You had automatic searching. You had infravision. You were somewhat stealthy. You are dead. Vanquished creatures: a spotted jelly 2 housecats a blue jelly a human zombie 3 fire ants a rock mole a rock piercer a pony a shrieker a violet fungus a kobold mummy a gray ooze a giant ant 2 floating eyes 5 iguanas 3 jitterbugs a giant bat 2 gas spores a hobbit 6 geckos 2 red molds 10 garter snakes 2 gnome zombies 16 jackals 4 newts 3 sewer rats 7 grid bugs 4 bats 2 lichens a kobold zombie 87 creatures vanquished. Voluntary challenges: You did not adorn yourself with jewelry or accessories. You did not cause conflict. You were not invisible. You did not have reflection. You were not displaced. You had been an atheist until turn 5408. You did not donate to any temples.. You never hit with a wielded weapon. You did not apply a unicorn horn. You did not use plumbed fixtures. You did not drink any magical draughts. You were illiterate. You never genocided any monsters. You never polymorphed an object. You never changed form. You used no wishes. You did not use any artifacts. You never split a pudding. You never wrote Elbereth's name. You never violated your personal moral code. You enabled loading special bones files. Dungeon overview: The Dungeons of Doom: levels 1 to 8 Level 1 (water) a vault a long staircase Level 2 a vault, a potion shop, a fountain Level 3 a general store, a fountain Level 4 (water) some fountains stairs to The Gnomish Mines Level 5 Level 6 (stash) Level 7 a fountain Level 8 <- You were here The Gnomish Mines: Level 5 stairs to The Dungeons of Doom History has recorded: On T:1 you entered the Dungeons of Doom to retrieve the Amulet of Yendor! On T:490 you reached level 2 of The Dungeons of Doom. On T:661 you reached level 3 of The Dungeons of Doom. On T:1214 you advanced to experience level 2. On T:1754 you reached level 4 of The Dungeons of Doom. On T:1757 you advanced to experience level 3. On T:1767 you reached level 5 of The Dungeons of Doom. On T:1879 you reached level 1 of The Gnomish Mines. On T:2189 you advanced to experience level 4. On T:3231 you advanced to experience level 5. On T:3446 you reached level 6 of The Dungeons of Doom. On T:4370 you reached level 7 of The Dungeons of Doom. On T:4728 you advanced to experience level 6. On T:5353 you reached level 8 of The Dungeons of Doom. On T:5408 you prayed to Mars. Score breakdown: Gold: 3 ( 0 points) Experience: 6 levels ( 500 points) Exploration: 8 levels ( 210 points) Discoveries: 10 items ( 500 points) Variety of kills: 30 monsters ( 1500 points) Major goal: (nothing yet) ( 0 points) Survival: died (score multiplied by 3) Total score: 8130 Latest messages: k - a scroll labeled FOOBIE BLETCH. You see here a fire ant corpse. This fire ant corpse tastes terrible! You finish eating the fire ant corpse. e - an uncursed flint (in quiver). (2x) You stop exploring. The flint hits the gray ooze. You shoot 2 flints. The 1st flint hits the gray ooze. The 2nd flint hits the gray ooze! The gray ooze bites! Your large shield rusts! The flint hits the gray ooze! The flint hits the gray ooze. You kill the gray ooze! e - 5 uncursed flints (in quiver). You see here a gray ooze corpse. You have a very bad case of stomach acid. You die... Final status: Goodbye woodfighter the Ranger, killed by an acidic corpse... You died in The Dungeons of Doom on dungeon level 8 with 8130 points, and 3 pieces of gold, after 5506 moves. You were level 6 with a maximum of 58 hit points when you died.